 Dungeon Crawl Stone Soup version 0.19.0-11-g3fc08b3 (console) character file.

176 OvidiusNaso the Conjurer (level 5, -3/41 HPs)
             Began as a Human Conjurer on Nov 9, 2016.
             Killed by divine providence
             ... invoked by an orc priest
              (16 damage)
             ... on level 3 of the Dungeon.
             The game lasted 00:26:19 (1876 turns).

OvidiusNaso the Conjurer (Human Conjurer)           Turns: 1876, Time: 00:26:20

Health: -3/41      AC:  7    Str:  8    XL:     5   Next: 86%
Magic:  4/9        EV: 13    Int: 16    God:
Gold:   72         SH:  0    Dex: 14    Spells: 2 memorised, 7 levels left

rFire  . . .     SeeInvis .     n - +0 falchion
rCold  . . .     Gourm    .     w - +1 robe {MR+}
rNeg   . . .     Faith    .     (no shield)
rPois  .         Spirit   .     m - +2 hat
rElec  .         Reflect  .     j - +1 cloak
rCorr  .         Harm     .     (no gloves)
MR     +....                    (no boots)
Stlth  ++........               (no amulet)
                                (no ring)
                                (no ring)

@: no status effects
A: no striking features
a: no special abilities


You were on level 3 of the Dungeon.
You were hungry.

You visited 1 branch of the dungeon, and saw 3 of its levels.

You collected 72 gold pieces.

Inventory:

Hand Weapons
 e - a +0 club
 n - a +0 falchion (weapon)
Missiles
 o - 4 poisoned needles
Armour
 a - a +0 robe
 j - a +1 cloak (worn)
 m - a +2 hat (worn)
 w - a +1 robe of magic resistance (worn)
Jewellery
 r - a cursed ring of teleportation {unknown}
Scrolls
 d - a scroll of noise {unknown}
 f - 4 scrolls of remove curse {unknown}
 g - 2 scrolls of fog {unknown}
 h - a scroll of enchant armour {unknown}
 i - 2 scrolls of teleportation {unknown}
 p - a scroll of magic mapping {unknown}
 t - a scroll of identify {unknown}
 v - a scroll of fear {unknown}
Potions
 k - a potion of curing
 l - 2 potions of cancellation {unknown}
 q - 3 potions of degeneration {unknown}
 s - a potion of brilliance {unknown}
 x - a potion of might {unknown}
Books
 b - a book of Conjurations

   Spells                             Type                      Level
   a - Magic Dart                     Conjuration                  1
   b - Searing Ray                    Conjuration                  2
   c - Dazzling Spray                 Conjuration/Hexes            3
   d - Fulminant Prism                Conjuration/Hexes            4
   e - Iskenderun's Mystic Blast      Conjuration                  4
   f - Iskenderun's Battlesphere      Conjuration/Charms           5
Comestibles
 c - 4 bread rations
 u - a beef jerky


   Skills:
 + Level 3.2 Fighting
 + Level 3.3 Dodging
 - Level 2.0 Stealth
 + Level 3.0 Spellcasting
 + Level 4.0 Conjurations


You had 7 spell levels left.
You knew the following spells:

 Your Spells              Type           Power        Failure   Level  Hunger
a - Magic Dart            Conj           ###.         4%          1    #......
b - Searing Ray           Conj           ###...       8%          2    ##.....


Dungeon Overview and Level Annotations

Branches:
Dungeon (3/15)

Altars:
Elyvilon
Gozag
Makhleb
Nemelex Xobeh
Qazlal
Uskayaw
Xom

Annotations:
D:3 Vajrapani's ghost, weakling DrAE


Message History

Here: an orc priest, wielding a hand axe The floor.
You completely miss the orc priest.
The orc priest hits you with a hand axe.
The orc priest calls down the wrath of Beogh upon you.
Beogh smites you!
The orc priest begins to cast a cantrip, but forgets the words!
The orc priest begins to cast a cantrip, but forgets the words!
You see here a rat corpse.
The orc priest calls down the wrath of Beogh upon you.
Beogh smites you!
* * * LOW HITPOINT WARNING * * *
Things that are here:
a dagger; an orc corpse
Casting: Magic Dart
Confirm with . or Enter, or press ? or * to list all spells.
You can't see any susceptible monsters within range! (Use Z to cast anyway.)
The orc priest invokes the aid of Beogh against you.
Beogh smites you!
You die...

.........#..# #...# #.#
###.........###.### #.#
##.<.......#...######.#####
#.........................#
#..........#..#######.###.#
.....<.....#..# #.# #.#
..##.....#.#.... ..# #.#
#.###...##$#.#### #### #.#
#.# ##..##.#.### #.# #.#
#.........##########.# #.#
#..##......@.....o...# #.#
#..##...#.#########..# #.#
#..###..#.# #..#
#.####..###..#.# #..###
#............#.# #....#
............##.# #.##o#
####.#.#######.# ...##.#
#.#.# #.# ..#####.# #.#(#
#.# .. #.# #.#.# #.# . #o#
#.#.#######.####.# #.#


You could see an orc priest.

Vanquished Creatures
  An orc wizard (D:3)
  A worker ant (D:3)
  4 adders
  3 oozes
  A worm (D:2)
  2 dart slugs
  7 leopard geckos
  3 orcs (D:3)
  4 giant cockroaches
  9 hobgoblins
  2 quokkas
  A ball python (D:2)
  8 bats
  2 frilled lizards (D:1)
  4 goblins
  A kobold (D:2)
  8 rats
61 creatures vanquished.

Notes
Turn   | Place    | Note
-------+----------+-------------------------------------------
     0 | D:1      | OvidiusNaso the Human Conjurer began the quest for the Orb.
     0 | D:1      | Reached XP level 1. HP: 13/13 MP: 3/3
   228 | D:1      | Reached XP level 2. HP: 18/20 MP: 0/5
   396 | D:1      | Reached skill level 1 in Fighting
   438 | D:1      | Reached XP level 3. HP: 20/26 MP: 0/6
   769 | D:2      | Found a hide-covered altar of Uskayaw.
   915 | D:2      | Reached XP level 4. HP: 24/33 MP: 0/7
   934 | D:2      | Found an opulent altar of Gozag.
  1117 | D:2      | Found a shimmering altar of Xom.
  1117 | D:2      | Found a shimmering altar of Xom.
  1117 | D:2      | Found a shimmering altar of Xom.
  1118 | D:2      | Found a shimmering altar of Xom.
  1119 | D:2      | Found a shimmering altar of Xom.
  1240 | D:2      | Found a shimmering altar of Xom.
  1253 | D:2      | Found a white marble altar of Elyvilon.
  1467 | D:3      | Found a sparkling altar of Nemelex Xobeh.
  1480 | D:3      | Reached XP level 5. HP: 26/40 MP: 0/9
  1506 | D:3      | Noticed Vajrapani's ghost (weakling DrAE)
  1547 | D:3      | Learned a level 2 spell: Searing Ray
  1745 | D:3      | Found a stormy altar of Qazlal.
  1746 | D:3      | Found a burning altar of Makhleb.
  1876 | D:3      | Killed from afar by an orc priest

Skill      XL: |  1  2  3  4  5 |
---------------+----------------+-----
Fighting       | 1 2 3 |  3.2
Dodging        | 3 |  3.3
Spellcasting   | 3 |  3.0
Stealth        | |  2.0
Conjurations   | |  4.0

Action                   |  1- 3 |  4- 6 || total
-------------------------+-------+-------++-------
Melee: Unarmed           |    11 |       ||    11
       Club              |     8 |       ||     8
       Falchion          |    25 |    60 ||    85
 Cast: Magic Dart        |    72 |    38 ||   110
       Searing Ray       |       |     7 ||     7
  Use: Potion            |       |     1 ||     1
  Eat: Bread ration      |       |     1 ||     1
Armor: Robe              |    18 |    27 ||    45
Dodge: Dodged            |    49 |    66 ||   115
       Rpst.: Falchion   |    11 |    24 ||    35
